 Dungeon Crawl Stone Soup version 0.28.0-45-g0d030f2227 (webtiles) character file.

Game seed: 17793493289687253887

508 MisterFreud the Slasher (level 6, 0/50 HPs)
             Began as a Palentonga Fighter on Apr 17, 2022.
             Slain by a gnoll
             ... wielding a +0 spear
              (2 damage)
             ... on level 4 of the Dungeon.
             The game lasted 00:06:22 (3945 turns).

MisterFreud the Slasher (Palentonga Fighter)        Turns: 3945, Time: 00:06:22

Health: 0/50       AC:  9    Str: 21    XL:     6   Next: 98%
Magic:  6/6        EV:  7    Int:  8    God:
Gold:   75         SH:  5    Dex: 10    Spells: 5/5 levels left

rFire   . . .      SeeInvis +   a - +0 long sword
rCold   . . .      Faith    .   c - +1 buckler
rNeg    . . .      Spirit   .   b - +0 scale mail
rPois   .          Reflect  .   e - +2 hat
rElec   .          Harm     .   k - +0 cloak
rCorr   .          Rampage  .   (no gloves)
Will    .....                   (no barding)
Stlth   ..........              (no amulet)
HPRegen 0.16/turn               (no ring)
MPRegen 0.10/turn               (no ring)

@: flying
A: large, rugged brown scales 3, see invisible, deformed body, roll 1, armoured
tail
a: Rolling Charge


You were on level 4 of the Dungeon.
You visited 1 branch of the dungeon, and saw 4 of its levels.
You also visited: Ossuary.

You collected 75 gold pieces.

Inventory:

Hand Weapons
 a - a +0 long sword (weapon)
Missiles
 g - 3 boomerangs
 p - a throwing net
Armour
 b - a +0 scale mail (worn)
 c - a +1 buckler (worn)
 e - a +2 hat (worn)
 k - a +0 cloak (worn)
 l - a scarf of resistance
Wands
 o - a wand of flame (15)
Scrolls
 f - 3 scrolls of immolation
 n - a scroll of silence
 q - a scroll of torment
 r - 2 scrolls of teleportation {unknown}
 u - a scroll of magic mapping
Potions
 d - a potion of heal wounds {unknown}
 h - a potion of berserk rage {unknown}
 j - 5 potions of flight
 m - a potion of brilliance {unknown}
 s - a potion of mutation {unknown}
 t - a potion of ambrosia {unknown}
 v - a potion of degeneration {unknown}
 x - a potion of lignification {unknown}


   Skills:
 - Level 3.0 Fighting
 + Level 7.6 Long Blades
 - Level 2.4 Armour
 - Level 2.4 Shields


You had 5 spell levels left.
You didn't know any spells.
Your spell library contained the following spells:

 Spells                   Type           Power      Damage    Failure   Level
 Corpse Rot               Necr/Air       0%         N/A       92%         2
 Ensorcelled Hibernation  Hex/Ice        0%         N/A       92%         2
 Passwall                 Tmut/Erth      0%         N/A       92%         2
 Poisonous Vapours        Pois/Air       0%         N/A       92%         2
 Swiftness                Air            0%         N/A       99%         3


Dungeon Overview and Level Annotations

Branches:
Dungeon (4/15)            Ossuary (visited)
 Temple: D:4-7

Altars:
Gozag

Shops:
D:2 [


Innate Abilities, Weirdness & Mutations

You are completely covered in rugged brown scales. (AC +3, +7% HP)
You have supernaturally acute eyesight. (SInv)
Armour fits poorly on your strangely shaped body.
You can roll at nearby foes to attack.
You have a long armoured tail.


Message History

* * * LOW HITPOINT WARNING * * *
Items here: ! $ ))) ††.
You barely miss the gnoll.
The gnoll zaps a wand.
Your mind is blasted!
* * * LOW HITPOINT WARNING * * *
The now-empty wand crumbles to dust.
You block the gnoll's attack.
Unknown command.
You slash the gnoll!
The gnoll is severely wounded.
The gnoll barely misses you. The gnoll hits you with a +0 spear.
* * * LOW HITPOINT WARNING * * *
It was a potion of flight.
You feel very buoyant.
You fly up into the air.
The gnoll hits you with a +0 halberd.
* * * LOW HITPOINT WARNING * * *
The gnoll hits you but does no damage.
It was a potion of curing.
You feel better. The gnoll hits you with a +0 halberd.
* * * LOW HITPOINT WARNING * * *
The gnoll hits you with a +0 spear.
* * * LOW HITPOINT WARNING * * *
Unknown command.
Unknown command.
You hit the gnoll but do no damage.
The gnoll is severely wounded.
The gnoll hits you but does no damage. x2
You closely miss the gnoll.
You tail-slap the gnoll, but do no damage.
The gnoll is severely wounded.
The gnoll hits you with a +0 halberd!
* * * LOW HITPOINT WARNING * * *
You block the gnoll's attack.
Unknown command.
You feel better. The gnoll hits you with a +0 halberd!
* * * LOW HITPOINT WARNING * * *
The gnoll hits you but does no damage.
Unknown command.
You barely miss the gnoll.
Your tail-slap misses the gnoll.
The gnoll is severely wounded.
The gnoll completely misses you. The gnoll hits you with a +0 spear.
You die...

##.......## #..# ...##
#.........##...# ....#
##.........#.... ...>##
#.....÷.....8#####8....##
#...........##..#.......#
#...........#...#.#.....#
#..................#
#...........#.g...##
#...........##@g.#.# #
#..........#8.####8# #
###...######### ## ####


You could see 2 gnolls.

Vanquished Creatures
  A wraith (Ossuary)
  A jelly (D:4)
  A bullfrog skeleton (D:3)
  An orc wizard (D:4)
  A mummy (Ossuary)
  A hound skeleton (D:4)
  6 gnolls (D:4)
  7 adders
  An adder skeleton (D:4)
  3 worms
  A dart slug (D:1)
  9 orcs
  6 ball pythons
  5 endoplasms
  6 giant cockroaches
  9 hobgoblins
  7 jackals
  8 kobolds
  3 quokkas
  8 bats
  2 frilled lizards
  9 gnoll skeletons (Ossuary)
  4 goblins
  8 kobold skeletons (Ossuary)
  8 orc skeletons (Ossuary)
  8 rats
124 creatures vanquished.

Notes
Turn   | Place    | Note
-------+----------+-------------------------------------------
     0 | D:1      | MisterFreud the Palentonga Fighter began the quest for the
                  | Orb.
     0 | D:1      | Reached XP level 1. HP: 19/19 MP: 1/1
   248 | D:1      | Reached XP level 2. HP: 25/25 MP: 2/2
   444 | D:1      | Reached skill level 3 in Long Blades
   609 | D:1      | Reached XP level 3. HP: 25/31 MP: 3/3
  1192 | D:2      | Found an opulent altar of Gozag.
  1456 | D:2      | Found Siucymi's Antique Armour Shop.
  1489 | D:2      | Reached skill level 4 in Long Blades
  1657 | D:2      | Reached XP level 4. HP: 35/37 MP: 4/4
  2027 | D:3      | Reached skill level 5 in Long Blades
  2301 | D:3      | Reached XP level 5. HP: 43/43 MP: 5/5
  2781 | D:4      | Reached skill level 6 in Long Blades
  2901 | D:4      | Reached XP level 6. HP: 25/50 MP: 6/6
  3147 | D:4      | Found a sand-covered staircase.
  3157 | Ossuary  | Entered an ossuary
  3157 | Ossuary  | Noticed a wraith
  3157 | Ossuary  | Noticed a wraith
  3157 | Ossuary  | Noticed a wraith
  3533 | Ossuary  | Noticed a wraith
  3695 | Ossuary  | Killed a wraith
  3696 | Ossuary  | Reached skill level 7 in Long Blades
  3943 | D:4      | HP: 1/50 [gnoll/+0 halberd (10)]
  3945 | D:4      | Slain by a gnoll

Illustrated notes

Levels and vault maps discovered:
D:1:      psy_arrival_conway, layout_basic
D:2:      layout_loops_cross, serial_shops, shop, basic_altar, minivault_14
D:3:      layout_basic
D:4:      layout_cave_pods, lightli_ossuary_entry_decrepit_ruins, uniq_pikel,
          uniq_edmund

Skill      XL: |  1  2  3  4  5  6 |
---------------+-------------------+-----
Long Blades    | 3 4 5 6 7 |  7.6
Fighting       | |  3.0
Armour         | |  2.4
Shields        | |  2.4

Action                   |  1- 3 |  4- 6 || total
-------------------------+-------+-------++-------
Melee: Long sword        |   154 |   241 ||   395
       Tailslap          |    17 |    34 ||    51
 Abil: Rolling Charge    |    24 |    11 ||    35
  Use: Scroll            |       |     5 ||     5
       Potion            |       |     4 ||     4
Armor: Scale mail        |    88 |   143 ||   231
Dodge: Dodged            |    73 |    84 ||   157
Block: Buckler           |    41 |    55 ||    96
